 Dungeon Sprint DCSS version 0.21-a0-364-gbd1fde4 (webtiles) character file.

21589 Kidiri the Basher (level 12, -15/133 HPs)
             Began as a Troll Hunter on Oct 14, 2017.
             Was the Champion of Trog.
             Killed from afar by a shock serpent (20 damage)
             ... with a bolt of electricity
             ... in the Dungeon (Sprint IX: "|||||||||||||||||||||||||||||").
             The game lasted 00:18:36 (2756 turns).

Kidiri the Basher (Troll Hunter)                    Turns: 2756, Time: 00:18:37

Health: -15/133    AC: 20    Str: 28    XL:     12   Next: 55%
Magic:  14/14      EV: 15    Int: 11    God:    Trog [******]
Gold:   999        SH: 16    Dex: 13    Spells: 11/11 levels left

rFire    . . .     SeeInvis .   a - +1 demon whip (drain)
rCold    x . .     Gourm    +   V - +0 large shield "Netamesch" {rC- rN++ Str+4 Int+4}
rNeg     + + .     Faith    .   T - +0 acid dragon scales
rPois    +         Spirit   .   (helmet restricted)
rElec    .         Reflect  .   U - +2 cloak {+Inv}
rCorr    +         Harm     .   (gloves unavailable)
MR       ++...     NoTele   +   (boots unavailable)
Stlth    +.........             (no amulet)
HPRegen  1.72/turn              z - +2 ring of protection
MPRegen  0.14/turn              A - +2 ring of evasion

@: regenerating
A: unfitting armour, claws 3, hooves 1, horns 1, molten scales 1, fast
metabolism 3, gourmand, poison resistance, regeneration 1, shaggy fur 1, tough
skin 2
a: Berserk, Trog's Hand, Brothers in Arms, Burn Spellbooks, Renounce Religion,
Evoke Invisibility


You were in the Dungeon.
You worshipped Trog.
Trog was exalted by your worship.
You were hungry.

You visited 1 branch You collected 1931 gold pieces.
You spent 932 gold pieces at shops.

Inventory:

Hand Weapons
 a - a +1 demon whip of draining (weapon)
Missiles
 H - 15 large rocks (quivered)
 R - 8 silver javelins
Armour
 T - +0 acid dragon scales (worn)
 U - a +2 cloak of invisibility (worn)
 V - the +0 large shield "Netamesch" (worn) {rC- rN++ Str+4 Int+4}
   (You bought it in a shop in the Dungeon)

   It affects your strength (+4).
   It affects your intelligence (+4).
   It makes you vulnerable to cold.
   It greatly protects you from negative energy.
Jewellery
 u - an uncursed ring of see invisible
 z - a +2 ring of protection (left claw)
 A - a +2 ring of evasion (right claw)
Wands
 o - a wand of acid (7/15)
Scrolls
 k - 2 scrolls of blinking
 m - 3 scrolls of remove curse
 p - 6 scrolls of enchant weapon
 q - a scroll of fog
 s - 6 scrolls of enchant armour
 t - 3 scrolls of fear
Potions
 b - a potion of lignification {unknown}
 d - a potion of invisibility
 e - 7 potions of curing
 g - 10 potions of heal wounds
 h - 3 potions of haste
 i - 4 potions of magic
 j - a potion of berserk rage
 l - 2 potions of agility
 Y - a potion of might
 Z - a potion of brilliance
Comestibles
 f - 14 bread rations
 x - 40 fruits
 B - 12 meat rations


   Skills:
 * Level 12.8 Fighting
 * Level 13.5 Maces & Flails
 + Level 10.7 Throwing
 * Level 12.7 Armour
 * Level 12.8 Dodging
 - Level 0.3 Stealth
 * Level 5.1 Shields
 + Level 4.8 Evocations


You had 11 spell levels left.
You didn't know any spells.

Dungeon Overview and Level Annotations

Branches:
Dungeon (1/1)

Altars:
Cheibriados
Dithmenos
Elyvilon
Fedhas
Gozag
Hepliaklqana
Kikubaaqudgha
Makhleb
Nemelex Xobeh
Okawaru
Qazlal
Ru
Sif Muna
Trog
Uskayaw
Vehumet
Wu Jian
Xom
Yredelemnul
Zin
The Shining One
Beogh
Jiyva
Lugonu

Shops:
D }[!*


Innate Abilities, Weirdness & Mutations

You are too large for most types of armour.
You have claws for hands.
Your metabolism is lightning-fast.
You like to eat raw meat.
Your natural rate of healing is unusually fast.
You are covered in fur. (AC +1)
You have very tough skin. (AC +2)
You have large cloven feet.
You have a pair of small horns on your head.
You are partially covered in molten scales. (AC +2)
Your system is resistant to poisons. (rPois)


Message History

Unknown command.
Unknown command.
Unknown command.
Unknown command.
What are your orders? t - Shout!
Orders for allies: a - Attack new target. p - Attack previous target. r - Retreat! s - Stop attacking. g - Guard the area. f - Follow me.
Anything else - Cancel.
Guard this area!
The shock serpent shoots out a bolt of lightning at you!
The bolt of electricity hits your cyclops.
Your cyclops dies!
Your cyclops's corpse disappears in a puff of smoke!
The bolt of electricity hits you!
* * * LOW HITPOINT WARNING * * *
The shock serpent shoots out a bolt of lightning at you!
The bolt of electricity hits you!
You die...

▓.▓.▓.▓.▓.▓.▓.▓.▓.
▓.▓.▓.▓.▓.▓.▓'▓.▓.
▓.▓.▓.▓.▓.▓.▓.▓.▓.
▓.▓.▓'▓.▓.▓.▓.▓.▓.
▓.▓.▓.▓.▓.▓.▓.▓.▓'
▓.▓.▓.▓.▓.▓.▓.▓.▓.
▓.▓.▓.▓.▓.▓.▓.▓.▓.
▓.▓.▓.▓.▓'▓.▓.▓.▓.
▓@▓.▓.▓.▓.▓.▓.▓.▓.
▓§▓.▓.▓.▓.▓.▓.▓.▓.
▓S▓.▓.▓.▓.▓.▓.▓.▓'
▓N▓.▓.▓.▓.▓.▓.▓.▓_
▓S▓.▓.▓.▓.▓.▓.▓.▓_
▓N▓.▓.▓.▓.▓.▓.▓.▓_
▓S▓.▓.▓.▓.▓.▓.▓.▓_
▓)▓.▓.▓.▓.▓.▓'▓.▓_
▓)▓.▓.▓.▓.▓.▓.▓.▓_


You could see 2 naga warriors, a shock serpent and 2 black mambas.

Vanquished Creatures
  A very ugly thing (D)
  Harold (D)
  2 hydras (D)
  2 centaur warriors (D)
  An ogre mage (D)
  A naga sharpshooter (D)
  A tengu warrior (D)
  A skeletal warrior (D)
  Sonja (D)
  An unseen horror (D)
  A naga ritualist (D)
  3 orc knights (D)
  A mana viper (shapeshifter) (D)
  10 orc sorcerers (D)
  A manticore (D)
  A black mamba (D)
  Psyche (D)
  A naga mage (D)
  2 spiny frogs (D)
  A freezing wraith (D)
  A yaktaur (D)
  4 polar bears (D)
  A hornet (D)
  2 blink frogs (D)
  2 hippogriffs (D)
  A yak (D)
  Eustachio (D)
  Grum (D)
  A naga (D)
  A water moccasin (D)
  3 porcupines (D)
  2 ice beasts (D)
  A sky beast (D)
  6 orc warriors (D)
  2 wolves (D)
  3 crocodiles (D)
  2 bullfrogs (D)
  A scorpion (D)
  3 crimson imps (D)
  3 jellies (D)
  7 orc priests (D)
  An iguana (D)
  8 orc wizards (D)
  2 shadow imps (D)
  2 adder skeletons (D)
  An adder zombie (D)
  4 orcs (D)
  2 goblins (D)
  A hobgoblin (D)
  A bat (D)
  A frilled lizard (D)
  A leopard gecko zombie (D)
106 creatures vanquished.

Vanquished Creatures (collateral kills)
  A guardian serpent (shapeshifter) (D)
  A polar bear (D)
  3 black bears (D)
  A boggart (D)
6 creatures vanquished.

Grand Total: 112 creatures vanquished

Notes
Turn   | Place    | Note
-------+----------+-------------------------------------------
     0 | D        | Kidiri the Troll Hunter began the quest for the Orb.
     0 | D        | Reached XP level 1. HP: 19/19 MP: 0/0
    20 | D        | Reached skill level 1 in Armour
    37 | D        | Noticed an iguana
    37 | D        | Noticed a sky beast
    37 | D        | Noticed an ice beast
    41 | D        | Reached skill level 1 in Maces & Flails
    41 | D        | Reached XP level 2. HP: 29/29 MP: 1/1
    49 | D        | Reached skill level 2 in Maces & Flails
    49 | D        | Reached XP level 3. HP: 25/37 MP: 2/2
    60 | D        | Killed a sky beast
    60 | D        | Reached skill level 3 in Maces & Flails
    60 | D        | Reached XP level 4. HP: 31/48 MP: 3/3
    66 | D        | Killed an ice beast
    66 | D        | Reached skill level 4 in Maces & Flails
    66 | D        | Reached skill level 5 in Throwing
    66 | D        | Reached XP level 5. HP: 17/55 MP: 4/4
    71 | D        | Gained mutation: Your mind is acute. (Int +2) [mutagenic meat]
    72 | D        | Gained mutation: You have large cloven feet. [mutagenic meat]
    73 | D        | Gained mutation: Your body sometimes deteriorates upon taking damage. [mutagenic meat]
    74 | D        | Gained mutation: You have a pair of small horns on your head. [mutagenic meat]
    75 | D        | Gained mutation: You are partially covered in molten scales. (AC +2) [mutagenic meat]
    83 | D        | Found a roughly hewn altar of Beogh.
    83 | D        | Found a snail-covered altar of Cheibriados.
    83 | D        | Found a shadowy altar of Dithmenos.
    83 | D        | Found a white marble altar of Elyvilon.
    83 | D        | Found a blossoming altar of Fedhas.
    83 | D        | Found an opulent altar of Gozag.
    84 | D        | Found a hazy altar of Hepliaklqana.
    85 | D        | Found a viscous altar of Jiyva.
    86 | D        | Found an ancient bone altar of Kikubaaqudgha.
    87 | D        | Found a corrupted altar of Lugonu.
    88 | D        | Found a burning altar of Makhleb.
    89 | D        | Found a sparkling altar of Nemelex Xobeh.
    90 | D        | Found an iron altar of Okawaru.
    91 | D        | Found a stormy altar of Qazlal.
    92 | D        | Found a sacrificial altar of Ru.
    93 | D        | Found a deep blue altar of Sif Muna.
    94 | D        | Found a bloodstained altar of Trog.
    95 | D        | Found a hide-covered altar of Uskayaw.
    96 | D        | Found a radiant altar of Vehumet.
    97 | D        | Found an ornate altar of the Wu Jian Council.
    98 | D        | Found a shimmering altar of Xom.
    99 | D        | Found a basalt altar of Yredelemnul.
   100 | D        | Found a glowing silver altar of Zin.
   101 | D        | Found a glowing golden altar of the Shining One.
   102 | D        | Became a worshipper of Trog the Wrathful
   240 | D        | Noticed an ice beast
   241 | D        | Reached skill level 5 in Fighting
   241 | D        | Reached skill level 5 in Dodging
   243 | D        | Reached XP level 6. HP: 66/66 MP: 5/5
   245 | D        | Reached * piety under Trog
   245 | D        | Reached skill level 5 in Maces & Flails
   248 | D        | Reached skill level 5 in Armour
   254 | D        | Killed an ice beast
   260 | D        | Reached ** piety under Trog
   292 | D        | Noticed a centaur warrior
   297 | D        | Killed a centaur warrior
   297 | D        | Reached skill level 7 in Maces & Flails
   297 | D        | Reached XP level 7. HP: 78/78 MP: 6/6
   297 | D        | Reached XP level 8. HP: 87/87 MP: 7/7
   309 | D        | Killed an unseen horror
   309 | D        | Reached *** piety under Trog
   309 | D        | Reached skill level 8 in Maces & Flails
   613 | D        | Noticed a spiny frog
   616 | D        | Noticed a blink frog
   618 | D        | Reached **** piety under Trog
   623 | D        | Reached XP level 9. HP: 93/97 MP: 8/8
   633 | D        | Killed a spiny frog
   633 | D        | Reached skill level 9 in Maces & Flails
   638 | D        | Reached ***** piety under Trog
   676 | D        | Noticed a black mamba
   676 | D        | Noticed a spiny frog
   678 | D        | Noticed a six-headed hydra
   678 | D        | Killed a spiny frog
   681 | D        | Killed a black mamba
   685 | D        | Received a gift from Trog
   688 | D        | Killed a six-headed hydra
   688 | D        | Reached skill level 10 in Maces & Flails
   688 | D        | Reached XP level 10. HP: 58/110 MP: 9/9
   695 | D        | Reached skill level 10 in Fighting
   695 | D        | Reached skill level 10 in Dodging
   824 | D        | Received a gift from Trog
   824 | D        | Reached skill level 10 in Armour
  1031 | D        | Noticed Eustachio
  1036 | D        | Noticed Harold
  1037 | D        | Killed Eustachio
  1060 | D        | Killed Harold
  1060 | D        | Received a gift from Trog
  1060 | D        | Reached skill level 11 in Maces & Flails
  1061 | D        | Got a jewelled giant club {god gift}
  1062 | D        | Identified the +4 giant club "Gost" {flame, +Blink rF+ Dex+3} (Trog gifted it to you in the Dungeon)
  1154 | D        | Noticed an orc sorcerer
  1161 | D        | Killed an orc sorcerer
  1161 | D        | Received a gift from Trog
  1166 | D        | Received a gift from Trog
  1173 | D        | Received a gift from Trog
  1176 | D        | Reached skill level 1 in Evocations
  1324 | D        | Noticed an orc knight
  1329 | D        | Reached XP level 11. HP: 116/119 MP: 10/10
  1331 | D        | Killed an orc knight
  1331 | D        | Received a gift from Trog
  1332 | D        | Noticed an orc knight
  1335 | D        | Reached ****** piety under Trog
  1337 | D        | Received a gift from Trog
  1339 | D        | Noticed an orc knight
  1345 | D        | Killed an orc knight
  1352 | D        | Killed an orc knight
  1360 | D        | Received a gift from Trog
  1488 | D        | Found Reczil's Gadget Emporium.
  1488 | D        | Noticed an orc sorcerer
  1488 | D        | Noticed an orc sorcerer
  1488 | D        | Noticed an orc sorcerer
  1490 | D        | Noticed an orc sorcerer
  1490 | D        | Received a gift from Trog
  1492 | D        | Killed an orc sorcerer
  1492 | D        | Received a gift from Trog
  1492 | D        | Killed an orc sorcerer
  1492 | D        | Reached skill level 12 in Maces & Flails
  1494 | D        | Killed an orc sorcerer
  1495 | D        | Killed an orc sorcerer
  1495 | D        | Received a gift from Trog
  1496 | D        | Noticed an orc sorcerer
  1496 | D        | Received a gift from Trog
  1501 | D        | Killed an orc sorcerer
  1508 | D        | Got an ancient giant spiked club {god gift}
  1509 | D        | Identified the +5 giant spiked club "Ylicom" {chaos, rF+} (Trog gifted it to you in the Dungeon)
  1522 | D        | Found Ykhlor's Antique Armour Shoppe.
  1530 | D        | Found Diephiz's Distillery.
  1536 | D        | Found Eqavaysm's General Store.
  1544 | D        | Noticed an orc sorcerer
  1545 | D        | Noticed an orc sorcerer
  1547 | D        | Noticed an orc sorcerer
  1551 | D        | Noticed an orc sorcerer
  1551 | D        | Killed an orc sorcerer
  1551 | D        | Killed an orc sorcerer
  1551 | D        | Received a gift from Trog
  1553 | D        | Killed an orc sorcerer
  1553 | D        | Reached skill level 10 in Throwing
  1556 | D        | Killed an orc sorcerer
  1556 | D        | Received a gift from Trog
  1561 | D        | Bought an embroidered cloak for 195 gold pieces
  1561 | D        | Bought a polished large shield for 247 gold pieces
  1575 | D        | Bought a potion of curing for 30 gold pieces
  1575 | D        | Bought 2 potions of haste for 200 gold pieces
  1575 | D        | Bought a potion of agility for 40 gold pieces
  1578 | D        | Bought a scroll of fear for 35 gold pieces
  1578 | D        | Bought an uncursed ring of see invisible for 150 gold pieces
  1578 | D        | Bought a scroll of fear for 35 gold pieces
  1693 | D        | Identified the cursed +0 large shield "Netamesch" {rC- rN++ Str+4 Int+4} (You bought it in a shop in the Dungeon)
  1914 | D        | Noticed Psyche
  1916 | D        | Killed Psyche
  1956 | D        | Noticed Grum
  1958 | D        | Killed Grum
  1958 | D        | Reached skill level 1 in Shields
  2041 | D        | Got the +3 ring mail of Ifotebaw {Dex+6}
  2218 | D        | Noticed a centaur warrior
  2218 | D        | Noticed a skeletal warrior
  2221 | D        | Noticed a seven-headed hydra
  2226 | D        | Killed a centaur warrior
  2238 | D        | Received a gift from Trog
  2239 | D        | Noticed an ogre mage
  2240 | D        | Killed a skeletal warrior
  2240 | D        | Reached XP level 12. HP: 122/132 MP: 12/14
  2240 | D        | Killed a seven-headed hydra
  2240 | D        | Reached skill level 13 in Maces & Flails
  2242 | D        | Killed an ogre mage
  2247 | D        | Noticed a white very ugly thing
  2250 | D        | Noticed a tengu warrior
  2257 | D        | Killed a white very ugly thing
  2257 | D        | Received a gift from Trog
  2265 | D        | Killed a tengu warrior
  2265 | D        | Received a gift from Trog
  2381 | D        | Lost mutation: Your body sometimes deteriorates upon taking damage. [mutagenic meat]
  2382 | D        | Lost mutation: You have a pair of small horns on your head. [mutagenic meat]
  2383 | D        | Gained mutation: Your system is resistant to poisons. (rPois) [mutagenic meat]
  2384 | D        | Lost mutation: Your mind is acute. (Int +2) [mutagenic meat]
  2385 | D        | Gained mutation: You have a pair of small horns on your head. [mutagenic meat]
  2641 | D        | Noticed Sonja
  2642 | D        | Killed Sonja
  2742 | D        | Noticed a naga warrior
  2743 | D        | Noticed a naga warrior
  2748 | D        | Received a gift from Trog
  2750 | D        | Reached skill level 5 in Shields
  2756 | D        | HP: 5/133 [shock serpent/bolt of electricity (7)]
  2756 | D        | Killed from afar by a shock serpent

Vault maps used:
D:        linesprint

Skill      XL: |  1  2  3  4  5  6  7  8  9 10 11 12 |
---------------+-------------------------------------+-----
Fighting       | 2 3 4 5 7 8 9 10 12 | 12.8
Armour         | 1 2 3 4 6 8 9 10 12 | 12.7
Dodging        | 2 3 4 5 7 8 9 10 12 | 12.8
Maces & Flails | 1 2 3 4 7 8 10 11 12 13 | 13.5
Throwing       | 4 5 6 7 8 9 10 | 10.7
Evocations     | 1 4 |  4.8
Shields        | 2 5 |  5.1
Stealth        | |  0.3

Action                   |  1- 3 |  4- 6 |  7- 9 | 10-12 || total
-------------------------+-------+-------+-------+-------++-------
Melee: Unarmed           |    38 |       |       |       ||    38
       Dire flail        |       |    18 |    41 |     8 ||    67
       Headbutt          |       |     5 |     7 |    21 ||    33
       Kick              |       |     3 |    16 |    42 ||    61
       Giant club        |       |       |       |    36 ||    36
       Great mace        |       |       |       |    18 ||    18
       Demon whip        |       |       |       |    33 ||    33
       Giant spiked club |       |       |       |     3 ||     3
Throw: Throwing net      |     2 |       |       |     5 ||     7
       Large rock        |       |    10 |    15 |    44 ||    69
       Javelin           |       |       |       |    30 ||    30
Invok: Trog's Hand       |       |     1 |     2 |     9 ||    12
       Berserk           |       |     1 |     1 |     3 ||     5
       Brothers in Arms  |       |       |       |     3 ||     3
  Use: Potion            |       |     1 |     1 |     1 ||     3
       Scroll            |       |       |       |     1 ||     1
 Stab: Held in net/web   |     1 |       |       |     2 ||     3
  Eat: Chunk             |       |    10 |     5 |    28 ||    43
Armor: Robe              |     9 |     7 |    14 |    19 ||    49
       Acid dragon scale |       |       |       |     9 ||     9
Dodge: Dodged            |    11 |    20 |    46 |    53 ||   130
Block: Large shield      |       |       |       |    26 ||    26

Table legend:
 A = Spawn XP
 B = Non-spawn XP
 C = Spawn XP percentage of total XP
 D = Spawn monster count
 E = Non-spawn monster count
 F = Spawn count percentage of total count
 G = Total turns spent on level
                    A         B        C        D         E        F      G
               +---------+---------+-------+---------+---------+-------+---------
         Total |       0 |   30842 |   0.0 |       0 |     112 |   0.0 |  2756
               +---------+---------+-------+---------+---------+-------+---------
             D |       0 |   30842 |   0.0 |       0 |     112 |   0.0 |  2756
               +---------+---------+-------+---------+---------+-------+---------
